 Dungeon Crawl Stone Soup version 0.31-a0-844-gdc52ec4e09 (webtiles) character file.

Game seed: 3940351385184829835

392 pop123321pop the Basher (level 6, -1/51 HPs)
             Began as a Minotaur Fighter on Oct 1, 2023.
             Splashed by a jelly's acid (3 damage)
             ... on level 4 of the Dungeon.
             The game lasted 00:02:28 (3262 turns).

pop123321pop the Basher (Minotaur Fighter)          Turns: 3262, Time: 00:02:29

Health: -1/51      AC:  6    Str: 20    XL:     6   Next: 51%
Magic:  5/5        EV:  9    Int:  5    God:
Gold:   203        SH:  4    Dex: 12    Spells: 5/5 levels left

rFire   . . .        a - +0 flail
rCold   . . .        c - +0 buckler
rNeg    . . .        b - +0 scale mail
rPois   .            (helmet restricted)
rElec   .            (no cloak)
rCorr   .            (no gloves)
SInv    .            (no boots)
Will    .....        (no amulet) Stlth
                     i - ring of flight
HPRegen 0.28/turn    (no ring)
MPRegen 0.09/turn

%: no passive effects
@: flying
A: horns 2, retaliatory headbutt
a: no special abilities


You were on level 4 of the Dungeon.
You visited 1 branch of the dungeon, and saw 4 of its levels.

You collected 203 gold pieces.

Inventory:

Hand Weapons
 a - a +0 flail (weapon)
Armour
 b - a +0 scale mail (worn)
 c - a +0 buckler (worn)
Jewellery
 i - a ring of flight (left hand)
 n - an amulet of regeneration
 u - a ring of poison resistance
Wands
 s - a wand of acid (14)
 w - a wand of iceblast (11)
Scrolls
 f - a scroll of enchant weapon {unknown}
 g - 4 scrolls of identify {unknown}
 j - a scroll of silence {unknown}
 l - a scroll of butterflies {unknown}
 o - a scroll of blinking {unknown}
 q - a scroll of poison {unknown}
 r - a scroll of fog {unknown}
Potions
 d - a potion of might
 e - a potion of degeneration {unknown}
 h - a potion of magic {unknown}
 k - 2 potions of brilliance {unknown}
 m - 2 potions of invisibility {unknown}
 p - a potion of resistance {unknown}
 t - a potion of curing {unknown}
 v - a potion of haste {unknown}


   Skills:
 - Level 3.6 Fighting
 + Level 8.5 Maces & Flails
 - Level 3.6 Armour
 - Level 3.6 Shields


You had 5 spell levels left.
You didn't know any spells.
Your spell library was empty.

Dungeon Overview and Level Annotations

Branches:
Dungeon (4/15)
 Temple: D:4-7

Altars:
Ashenzari
The Shining One

Shops:
D:4 ?

Portals:
Ossuary: D:4


Innate Abilities, Weirdness & Mutations

You have a pair of horns on your head.
You reflexively headbutt those who attack you in melee.


Message History

An ogre comes into view. It is wielding a +0 giant club.
The ogre shouts!
There are monsters nearby!
There are monsters nearby!
You hit the scorpion.
The scorpion is moderately wounded.
The scorpion closely misses you. You furiously retaliate!
You headbutt the scorpion.
There are monsters nearby!
You hit the scorpion. Your headbutt misses the scorpion.
The scorpion is severely wounded.
The scorpion barely misses you.
There are monsters nearby!
You hit the scorpion but do no damage. Your headbutt misses the scorpion.
The scorpion is severely wounded.
The scorpion stings you.
The scorpion stings you but does no damage.
There are monsters nearby!
You sock the scorpion!
You kill the scorpion!
The ogre hits you with a +0 giant club!
You have reached level 6!
You hit the ogre.
The ogre is lightly wounded.
A jelly comes into view.
The ogre hits you with a +0 giant club!
The jelly quivers.
You sock the ogre!
The ogre is moderately wounded.
You sock the ogre!
The ogre is severely wounded.
The ogre hits you with a +0 giant club!!
* * * LOW HITPOINT WARNING * * *
You hit the ogre. You headbutt the ogre.
You kill the ogre!
Your Maces & Flails skill increases to level 8!
You block the jelly's attack.
You see here a +0 giant club.
You sock the jelly!
Your hands burn!
You die...

.########### ...
...........# ...
...........#.....
......?....#.....
.................
#.......†..#...
#.....J@...#.##+##
##.######........>
#......... #.........
#.........
########.........
#######...#.......#####
+####.........#.[.....#
...##.........#.......#


You could see a jelly.

Vanquished Creatures
  An ogre (D:4)
  A scorpion (D:4)
  Ijyb (D:3)
  An iguana (D:4)
  2 orc wizards
  4 adders
  3 worms
  3 dart slugs
  13 orcs
  8 ball pythons
  13 endoplasms
  A giant cockroach (D:3)
  7 goblins
  6 hobgoblins
  3 jackals
  2 quokkas
  3 bats
  3 frilled lizards
  2 jackal zombies (D:4)
  4 kobolds
  A rat (D:1)
  A rat zombie (D:4)
83 creatures vanquished.

Notes
Turn   | Place    | Note
-------+----------+-------------------------------------------
     0 | D:1      | pop123321pop the Minotaur Fighter began the quest for the
                  | Orb.
     0 | D:1      | Reached XP level 1. HP: 19/19 MP: 0/0
    96 | D:1      | Reached skill level 3 in Maces & Flails
   193 | D:1      | Reached XP level 2. HP: 21/26 MP: 1/1
   617 | D:1      | Reached skill level 4 in Maces & Flails
   720 | D:2      | Reached XP level 3. HP: 15/31 MP: 2/2
   727 | D:2      | Reached skill level 5 in Maces & Flails
   787 | D:2      | Found a faded altar of an unknown god.
   841 | D:2      | Reached XP level 4. HP: 39/39 MP: 3/3
  1531 | D:3      | Reached skill level 6 in Maces & Flails
  1949 | D:3      | Found a broken altar of Ashenzari.
  2028 | D:3      | Reached XP level 5. HP: 45/45 MP: 4/4
  2324 | D:3      | Found a glowing golden altar of the Shining One.
  2385 | D:3      | Noticed Ijyb
  2393 | D:3      | Killed Ijyb
  2394 | D:3      | Reached skill level 7 in Maces & Flails
  3032 | D:4      | Found a sand-covered staircase.
  3102 | D:4      | Found Moklipt's Magic Scroll Boutique.
  3251 | D:4      | Noticed an ogre
  3257 | D:4      | Reached XP level 6. HP: 33/51 MP: 5/5
  3259 | D:4      | HP: 1/51 [ogre/+0 giant club (20)]
  3261 | D:4      | Reached skill level 8 in Maces & Flails
  3262 | D:4      | Splashed by a jelly's acid

Illustrated notes

Levels and vault maps discovered:
D:1:      minmay_arrival_open_corners, layout_basic
D:2:      layout_loops_ring, ebering_ecumenical_altar_ruins
D:3:      layout_basic, tso_altar, cheibrodos_ashenzari_chains,
          minmay_close_crescents, uniq_ijyb
D:4:      layout_gridville, enter_ossuary_3, serial_shops, shop

Skill      XL: |  1  2  3  4  5  6 |
---------------+-------------------+-----
Maces & Flails | 3 4 5 6 7 8 |  8.5
Fighting       | |  3.6
Armour         | |  3.6
Shields        | |  3.6

Action                     |  1- 3 |  4- 6 || total
---------------------------+-------+-------++-------
  Melee: Flail             |    65 |   110 ||   175
         Headbutt          |     8 |    24 ||    32
    Use: Potion            |       |     1 ||     1
 Armour: Scale mail        |    40 |    84 ||   124
  Dodge: Dodged            |    26 |    35 ||    61
  Block: Buckler           |    13 |    33 ||    46

Table legend: (Time is in decaauts)
 A = Elapsed time spent in this place.
 B = Non-inter-level travel time spent in this place.
 C = Inter-level travel time spent in this place.
 D = Time resting spent in this place.
 E = Time spent auto-exploring this place.
 F = Levels seen in this place.
 G = Mean time per level.
                   A        B        C        D        E       F      G
               +--------+--------+--------+--------+--------+-----+--------+
         Total |   3288 |   3208 |     80 |    765 |   1997 |   4 |  822.0 |
       Dungeon |   3288 |   3208 |     80 |    765 |   1997 |   4 |  822.0 |
               +--------+--------+--------+--------+--------+-----+--------+

Top non-repeatable levels by time:
     D:3: 1363 daAuts
     D:2: 801 daAuts
     D:1: 724 daAuts
     D:4: 398 daAuts
